 Dungeon Crawl Stone Soup version 0.23.1 (webtiles) character file.

Game seed: 16597167082016594911

34 Kairos the Covered (level 3, -1/19 HPs)
             Began as a Vine Stalker Fighter on Mar 10, 2019.
             Slain by a goblin
             ... wielding a +0 dagger
             ... led by Robin
              (4 damage)
             ... on level 2 of the Dungeon.
             The game lasted 00:01:04 (1490 turns).

Kairos the Covered (Vine Stalker Fighter)           Turns: 1490, Time: 00:01:05

Health: -1/19      AC:  6    Str: 15 (18) XL:     3   Next: 31%
Magic:  0/4        EV:  6    Int:  6 (8)  God:
Gold:   46         SH:  8    Dex: 11 (14) Spells: 2/2 levels left

rFire    . . .     SeeInvis .   a - +0 rapier
rCold    . . .     Gourm    .   c - +0 shield
rNeg     . . .     Faith    .   b - +0 scale mail
rPois    .         Spirit   +   (no helmet)
rElec    .         Reflect  .   (no cloak)
rCorr    .         Harm     .   (no gloves)
MR       .....                  (no boots)
Stlth    ..........             (no amulet)
HPRegen  0.06/turn              (no ring)
MPRegen  0.09/turn              (no ring)

@: no status effects
A: fangs 2, magic shield, antimagic bite, no potion heal 3, rot immunity
a: no special abilities


You were on level 2 of the Dungeon.
You were not hungry.

You visited 1 branch of the dungeon, and saw 2 of its levels.

You collected 46 gold pieces.

Inventory:

Hand Weapons
 a - a +0 rapier (weapon)
Missiles
 k - a throwing net (quivered)
Armour
 b - a +0 scale mail (worn)
 c - a +0 shield (worn)
Scrolls
 e - a scroll of remove curse {unknown}
 g - a scroll of identify {unknown}
 h - a scroll of fear {unknown}
 i - a scroll of magic mapping
 j - a scroll of teleportation {unknown}
 m - a scroll of enchant armour {unknown}
 n - a scroll of fog {unknown}
Potions
 d - a potion of might
 l - 2 potions of curing {unknown}
Comestibles
 f - 2 rations


   Skills:
 + Level 2.8 Fighting
 + Level 2.0 Short Blades
 + Level 3.0 Armour
 + Level 3.0 Shields


You had 2 spell levels left.
You didn't know any spells.
Your spell library was empty.

Dungeon Overview and Level Annotations

Branches:
Dungeon (2/15)

Altars:

Annotations:
D:2 Robin


Innate Abilities, Weirdness & Mutations

You have extremely sharp teeth.
When hurt, damage is shared between your health and your magic reserves.
Your bite disrupts and absorbs the magic of your enemies.
Potions cannot restore your health.
You are immune to rotting.


Message History

A goblin comes into view.
The goblin barely misses you.
Your shield and scale mail prevent you from hitting the goblin.
The goblin shouts!
A goblin comes into view. It is wielding a +0 dagger.
The goblin hits you with a +0 dagger.
You hit the goblin but do no damage. Your bite misses the goblin.
You block the goblin's attack. The goblin hits you with a +0 dagger.
A goblin comes into view.
You closely miss the goblin.
The goblin shouts!
Your bite misses the goblin.
You hear a shout!
The hobgoblin hits you with a +0 club. Robin throws the goblin at you!
The goblin hits you but does no damage. The goblin hits you.
The hobgoblin hits you with a +0 club.
* * * LOW HITPOINT WARNING * * *
You are too injured to fight recklessly!
The goblin hits you with a +0 dagger.
You die...

##.###.#..#
#.####.## ##...#
#.....## ##..#
######.## #.#.#
##.###.##.########
####.#.###.........
#..(.....#..#######
#.###.##.#..# #.#
#.##.#@g####### #.#
.##..g.g.....# #.#
.####gg#####.# #.#
.# #rg# #.###.##
#gg# #.##... #g.#
#.##.[# #g..
#.##..# ..g.
#.##>.# #...


You could see Robin, a hobgoblin, 9 goblins and a rat.

Vanquished Creatures
  An adder (D:2)
  An ooze (D:1)
  A dart slug (D:1)
  2 bats
  3 goblins
  4 hobgoblins (D:1)
  A frilled lizard (D:1)
  3 kobolds
  2 rats
18 creatures vanquished.

Notes
Turn   | Place    | Note
-------+----------+-------------------------------------------
     0 | D:1      | Kairos the Vine Stalker Fighter began the quest for the
                  | Orb.
     0 | D:1      | Reached XP level 1. HP: 11/11 MP: 2/2
   238 | D:1      | You fall through a shaft!
   272 | D:2      | Reached XP level 2. HP: 6/16 MP: 1/3
   764 | D:1      | Reached XP level 3. HP: 19/19 MP: 4/4
  1485 | D:2      | Noticed Robin
  1490 | D:2      | Slain by a goblin

Skill      XL: |  1  2  3 |
---------------+----------+-----
Armour         | 3 |  3.0
Shields        | 3 |  3.0
Short Blades   | 2 |  2.0
Fighting       | |  2.8

Action                   || total
-------------------------++-------
Melee: Rapier            ||    46
       Bite              ||     8
  Use: Potion            ||     2
       Scroll            ||     1
  Eat: Chunk             ||     2
Armor: Scale mail        ||    22
Dodge: Dodged            ||    12
Block: Shield            ||    13
